 Dungeon Crawl Stone Soup version 0.27.1-3-gb3d3a73c9e (webtiles) character file.

Game seed: 1179585743701753456

142 khargal the Poker (level 5, -6/41 HPs)
             Began as a Demonspawn Monk on Oct 19, 2021.
             Mangled by a gnoll (9 damage)
             ... on level 3 of the Dungeon.
             The game lasted 00:03:28 (2821 turns).

khargal the Poker (Demonspawn Monk)                 Turns: 2821, Time: 00:03:28

Health: -6/41      AC:  9    Str: 11 (12) XL:     5   Next: 4%
Magic:  5/5        EV:  7    Int:  9 (12) God:
Gold:   97         SH:  3    Dex: 14 (15) Spells: 4/4 levels left

rFire    . . .     SeeInvis .   a - +0 spear
rCold    . . .     Faith    .   l - +0 buckler
rNeg     . . .     Spirit   .   i - +1 chain mail {rPois}
rPois    +         Reflect  .   (no helmet)
rElec    .         Harm     .   (no cloak)
rCorr    .         Rampage  .   (no gloves)
Will     .....                  (no boots)
Stlth    ..........             f - amulet of magic regeneration
HPRegen  0.13/turn              (no ring)
MPRegen  0.34/turn              (no ring)

@: no status effects
A: repulsion field 1, demonic magic 1
a: no special abilities


You were on level 3 of the Dungeon.
You visited 1 branch of the dungeon, and saw 3 of its levels.

You collected 97 gold pieces.

Inventory:

Hand Weapons
 a - a +0 spear (weapon)
Armour
 b - a +0 robe
 e - a +0 ring mail
 i - a +1 chain mail of poison resistance (worn)
 l - a +0 buckler (worn)
Jewellery
 f - an amulet of magic regeneration (around neck)
Scrolls
 c - a scroll of enchant weapon {unknown}
 d - 3 scrolls of identify {unknown}
 g - a scroll of enchant armour {unknown}
 k - a scroll of fog {unknown}
Potions
 h - a potion of degeneration
 j - a potion of curing {unknown}
 m - a potion of flight {unknown}


   Skills:
 + Level 3.5 Fighting
 + Level 3.7 Polearms
 + Level 1.8 Armour
 + Level 3.4 Dodging
 + Level 2.2 Stealth


You had 4 spell levels left.
You didn't know any spells.
Your spell library contained the following spells:

 Spells                   Type           Power      Damage    Failure   Level
 Call Canine Familiar     Summ           0%         N/A       100%        3
 Portal Projectile        Hex/Tloc       0%         N/A       100%        3
 Leda's Liquefaction      Hex/Erth       0%         N/A       100%        4


Dungeon Overview and Level Annotations

Branches:
Dungeon (3/15)

Altars:


Innate Abilities, Weirdness & Mutations

You are surrounded by a mild repulsion field. (EV +2)
Spells you cast may paralyse adjacent enemies.


Message History

You are too injured to fight recklessly!
You are too injured to fight recklessly!
You are too injured to fight recklessly!
You are too injured to fight recklessly!
You are too injured to fight recklessly!
You are too injured to fight recklessly!
You are too injured to fight recklessly!
Found 10 gold pieces.
The gnoll hits you but does no damage. The gnoll hits you but does no damage.
Things that are here:
a +0 club; a gnoll corpse You are too injured to fight recklessly!
You hit the gnoll.
The gnoll is moderately wounded.
The gnoll hits you with a +0 spear!
* * * LOW HITPOINT WARNING * * *
Your shield and chain mail prevent you from hitting the gnoll.
The gnoll is moderately wounded.
You block the gnoll's attack.
You hit the gnoll.
The gnoll is heavily wounded.
The gnoll barely misses you.
You hit the gnoll but do no damage.
The gnoll is heavily wounded.
The gnoll barely misses you.
You hit the gnoll but do no damage.
The gnoll is heavily wounded.
The gnoll hits you with a +0 spear!
* * * LOW HITPOINT WARNING * * *
You hit the gnoll.
You kill the gnoll!
You have reached level 5!
Your demonic ancestry asserts itself...
You begin to radiate repulsive energy.
Sorry, you're not good enough to have a special ability.
It was a potion of degeneration.
There was something very wrong with that liquid.
You feel weakened.
You feel dopey.
You feel clumsy. The gnoll hits you with a +0 flail!
You die...

#######
.....#########
....##....†.#####.#
#
###..##.##..........
#.
#....##.##.#@#####.#
#.##.#........#g#
##.......##.####g#
#........##.# #.#
#..##.#.###.. $.#
#..#..#.# #### ...
#..#.##.# ..#
#.......# ...#
##......#


You could see 2 gnolls.

Vanquished Creatures
  Terence (D:2)
  2 gnolls (D:3)
  5 adders (D:2)
  2 dart slugs
  An orc (D:2)
  3 ball pythons (D:1)
  5 endoplasms
  2 giant cockroaches
  3 goblins
  4 hobgoblins
  3 jackals (D:1)
  3 quokkas
  3 bats (D:1)
  2 frilled lizards
  6 kobolds
  5 rats (D:1)
50 creatures vanquished.

Notes
Turn   | Place    | Note
-------+----------+-------------------------------------------
     0 | D:1      | khargal the Demonspawn Monk began the quest for the Orb.
     0 | D:1      | Reached XP level 1. HP: 18/18 MP: 1/1
   251 | D:1      | Gained mutation: Spells you cast may paralyse adjacent
                  | enemies. [demonic ancestry]
   251 | D:1      | Reached XP level 2. HP: 24/24 MP: 2/2
   327 | D:1      | Found a faded altar of an unknown god.
  1057 | D:1      | Reached XP level 3. HP: 29/29 MP: 3/3
  1738 | D:2      | Noticed Terence
  1765 | D:2      | Killed Terence
  2082 | D:2      | Reached skill level 1 in Armour
  2082 | D:2      | Reached XP level 4. HP: 33/35 MP: 4/4
  2821 | D:3      | Gained mutation: You are surrounded by a mild repulsion
                  | field. (EV +2) [demonic ancestry]
  2821 | D:3      | Reached XP level 5. HP: 3/41 MP: 5/5
  2821 | D:3      | Mangled by a gnoll

Illustrated notes

Levels and vault maps discovered:
D:1:      psy_arrival_conway, layout_basic,
          dreamdust_ecumenical_altar_angels_and_demons, minmay_misc_feat_square
D:2:      layout_loops_ring, minmay_octomino_j4, uniq_terence
D:3:      layout_loops_cross, minmay_door_square

Skill      XL: |  1  2  3 |
---------------+----------+-----
Dodging        | 3 |  3.4
Polearms       | 3 |  3.7
Stealth        | 2 |  2.2
Armour         | 1 |  1.8
Fighting       | |  3.5

Action                   |  1- 3 |  4- 6 || total
-------------------------+-------+-------++-------
Melee: Spear             |   160 |    97 ||   257
  Use: Potion            |       |     1 ||     1
 Stab: Sleeping          |     4 |       ||     4
Armor: Ring mail         |    22 |       ||    22
       Robe              |     1 |       ||     1
       Chain mail        |    11 |    45 ||    56
Dodge: Dodged            |    85 |    16 ||   101
Block: Buckler           |       |     5 ||     5
